 Dungeon Crawl Stone Soup version 0.31-a0-920-g28cbb04a8c (webtiles) character file.

Game seed: 10976639838803961059

19 Azuregosa the Sneak (level 2, -5/21 HPs)
             Began as an Octopode Delver on Oct 17, 2023.
             Killed from afar by Blork the orc (9 damage)
             ... with a puff of flame
             ... on level 5 of the Dungeon.
             The game lasted 00:01:17 (54 turns).

Azuregosa the Sneak (Octopode Delver)                 Turns: 54, Time: 00:01:17

Health: -5/21      AC:  1    Str: 11    XL:     2   Next: 75%
Magic:  2/2        EV: 13    Int: 12    God:
Gold:   0          SH:  0    Dex: 13    Spells: 1/1 levels left

rFire   . . .        a - +0 mace
rCold   . . .        (no shield)
rNeg    . . .        (helmet restricted)
rPois   .            (no amulet)
rElec   .            (no ring)
rCorr   .            (no ring)
SInv    .            (no ring)
Will    .....        (no ring)
Stlth   +++++        (no ring)
HPRegen 0.23/turn    (no ring)
MPRegen 0.08/turn    (no ring)
                     (no ring)

%: no passive effects
@: no status effects
A: almost no armour, amphibious, 8 rings, camouflage 1, gelatinous body 1,
(nimble swimmer 1), tentacles
a: no special abilities


You were on level 5 of the Dungeon.
You visited 1 branch of the dungeon, and saw 2 of its levels.

Inventory:

Hand Weapons
 a - a +0 mace (weapon)
Armour
 h - a scarf of harm
Wands
 f - a wand of digging (3)
Scrolls
 b - a scroll of fog
 c - a scroll of revelation
 d - 2 scrolls of fear
 g - a scroll of brand weapon {unknown}
Potions
 e - a potion of haste
 i - a potion of curing {unknown}


   Skills:
 - Level 3.0 Fighting
 - Level 2.0 Maces & Flails
 - Level 2.0 Dodging
 + Level 7.6 Stealth


You had one spell level left.
You didn't know any spells.
Your spell library was empty.

Dungeon Overview and Level Annotations

Branches:
Dungeon (6/15)
 Temple: D:4-7

Altars:

Annotations:
D:5 Blork the orc


Innate Abilities, Weirdness & Mutations

You cannot wear most types of armour.
You are amphibious.
You can wear up to eight rings at the same time.
Your skin changes colour to match your surroundings (Stealth+).
Your rubbery body absorbs attacks. (AC +1, EV +1)
((You are camouflaged when in or above water. (Stealth+)))
You have tentacles for arms and can constrict up to eight enemies at once.


Message History

You kill the gnoll!
Your Stealth skill increases to level 7!
You have reached level 2!
The gnoll barely misses you.
Things that are here:
a +0 flail; a gnoll corpse The gnoll misses you.
You hit the gnoll. You grab the gnoll.
The gnoll is moderately wounded.
You constrict the gnoll. The gnoll hits you with a +0 halberd!
You hit the gnoll. You squeeze the gnoll.
You kill the gnoll!
You start resting.
A scorpion comes into view.
Things that are here:
a +0 flail; a gnoll corpse
Found 12 gold pieces.
Found a stone staircase leading down.
i - a sapphire potion
There are no items here.
Blork the orc comes into view.
He is wielding a +0 halberd.
Blork the orc moves out of view.
Blork the orc points at you and mumbles some strange words.
The puff of flame hits you!
Ouch! That really hurt!
* * * LOW HITPOINT WARNING * * *
You see here a scroll of fear.
d - 2 scrolls of fear (gained 1)
A kobold brigand and 3 kobolds come into view.
The kobold brigand is wielding a +0 whip and quivering poisoned darts.
The kobold shouts!
Blork the orc looks encouraged for a moment.
A kobold comes into view. It is wielding a +0 short sword.
The kobold shouts! x2
Blork the orc screams, "I'll crush all your ribs!
One by one!"
Blork the orc casts a cantrip, but nothing happens.
The kobold brigand shouts!
Blork the orc grins evilly.
Blork the orc gestures at you while chanting.
The puff of flame hits you!
You die...

..................#.
#...........#......
#......#...........
#......##...>....##
#......)..........
##....##.)........
#####....##..........
##..##..........##s...
#...#@......###.#.....
#............##.......
..##...........$........
#..$......g..............
#.....#.#...............#
#.....###..........##...#
##.... #.>.$.o...... #..#


#KKKK. #...........# .## #...K. ..##.##...... . You could see Blork the orc, a
gnoll and 4 kobolds.

Vanquished Creatures
  2 gnolls (D:5)
2 creatures vanquished.

Notes
Turn   | Place    | Note
-------+----------+-------------------------------------------
     0 | D:5      | Azuregosa the Octopode Delver began the quest for the Orb.
     0 | D:5      | Reached XP level 1. HP: 16/16 MP: 1/1
    31 | D:5      | Reached skill level 7 in Stealth
    31 | D:5      | Reached XP level 2. HP: 21/21 MP: 2/2
    36 | D:5      | Noticed a scorpion
    45 | D:5      | Noticed Blork the orc
    51 | D:5      | Noticed a kobold brigand
    54 | D:5      | Killed from afar by Blork the orc

Illustrated notes

Levels and vault maps discovered:
D:5:      layout_cave_pools, serial_shops, nicolae_shop_drivethru,
          serial_demonic, serial_demonic_f, serial_demonic_c, serial_demonic_g,
          serial_demonic_a, serial_demonic_b, serial_demonic_d,
          serial_demonic_g, serial_demonic_e, uniq_blork_the_orc, uniq_eustachio
D:6:      nicolae_cairo_tiling, layout_basic, uniq_jeremiah, uniq_grinder

Skill      XL: |  1 |
---------------+----+-----
Stealth        | 7 |  7.6
Fighting       | |  3.0
Maces & Flails | |  2.0
Dodging        | |  2.0

Action                     || total
---------------------------++-------
  Melee: Mace              ||     4
         Constrict         ||     2
         Tentacles         ||     1
 Armour: Skin              ||     3
  Dodge: Dodged            ||     3

Table legend: (Time is in decaauts)
 A = Elapsed time spent in this place.
 B = Non-inter-level travel time spent in this place.
 C = Inter-level travel time spent in this place.
 D = Time resting spent in this place.
 E = Time spent auto-exploring this place.
 F = Levels seen in this place.
 G = Mean time per level.
                   A        B        C        D        E       F      G
               +--------+--------+--------+--------+--------+-----+--------+
         Total |     55 |     55 |      0 |      2 |      0 |   2 |   27.5 |
       Dungeon |     55 |     55 |      0 |      2 |      0 |   2 |   27.5 |
               +--------+--------+--------+--------+--------+-----+--------+

Top non-repeatable levels by time:
     D:5: 47 daAuts
     D:6: 7 daAuts
